 Dungeon Crawl Stone Soup version 0.20-a0-1016-g241539b (webtiles) character file.

7 subzerokingxiii the Digger (level 2, -2/15 HPs)
             Began as a Gargoyle Earth Elementalist on Apr 16, 2017.
             Slain by a hobgoblin
             ... wielding a +0 club
              (6 damage)
             ... on level 1 of the Dungeon.
             The game lasted 00:04:14 (125 turns).

subzerokingxiii the Digger (GrEE)                    Turns: 125, Time: 00:04:14

Health: -2/15      AC:  2    Str: 16    XL:     2   Next: 4%
Magic:  0/5        EV: 11    Int: 15    God:
Gold:   0          SH:  0    Dex: 10    Spells: 4/5 levels left

rFire    . . .     SeeInvis .   h - +0 dagger
rCold    . . .     Gourm    .   (no shield)
rNeg     + . .     Faith    .   g - +0 leather armour
rPois    ∞         Spirit   .   (no helmet)
rElec    +         Reflect  .   (no cloak)
rCorr    .         Harm     .   (no gloves)
MR       .....                  (no boots)
Stlth    ++........             (no amulet)
Regen    0.1/turn               a - -3 ring of protection (curse)
MPRegen  0.1/turn               (no ring)

@: mighty
A: negative energy resistance 1, electricity resistance, unbreathing,
petrification resistance, rot immunity, AC +2
a: no special abilities


You were on level 1 of the Dungeon.
You were very full.

You visited 1 branch of the dungeon, and saw 1 of its levels.

Inventory:

Hand Weapons
 d - a +0 club
 h - a +0 dagger (weapon)
Missiles
 b - 26 stones (quivered)
 f - 12 bolts
Armour
 c - a +0 robe
 g - a +0 leather armour (worn)
 i - a +0 leather armour
Jewellery
 a - a cursed -3 ring of protection (left hand)
Books
 e - a book of Geomancy

   Spells                             Type                      Level
   a - Sandblast                      Earth                        1
   b - Passwall                       Transmutation/Earth          2
   c - Stone Arrow                    Conjuration/Earth            3
   d - Petrify                        Transmutation/Earth          4
   e - Lee's Rapid Deconstruction     Earth                        5


   Skills:
 + Level 1.7 Dodging
 + Level 2.1 Stealth
 + Level 0.2 Unarmed Combat
 + Level 2.0 Spellcasting
   Level 0.7 Transmutations
 + Level 4.1 Earth Magic


You had 4 spell levels left.
You knew the following spells:

 Your Spells              Type           Power        Failure   Level  Hunger
a - Sandblast             Erth           ##....       6%          1    #......


Dungeon Overview and Level Annotations

Branches:
Dungeon (1/15)

Altars:


Innate Abilities, Weirdness & Mutations

You are resistant to torment.
Your stone body is resilient. (AC +2)
You are immune to poison.
You resist negative energy. (rN+)
You are resistant to electric shocks. (rElec)
You can survive without breathing.
You are immune to petrification.
You are immune to rotting.


Message History

b - 27 stones Unknown command.
Unknown command.
Found a pink potion.
A bat comes into view.
Things that are here:
a club; a hobgoblin corpse; a leopard gecko corpse
d - a club The hobgoblin barely misses you.
You barely miss the hobgoblin. The hobgoblin hits you with a club.
* * * LOW HITPOINT WARNING * * *
Casting: Sandblast
Confirm with . or Enter, or press ? or * to list all spells.
Aiming: Sandblast
Press: ? - help, Shift-Dir - straight line, f - hobgoblin
Aim: a hobgoblin, wielding a club The blast of sand misses the hobgoblin.
b - 26 stones The hobgoblin hits you with a club.
You die...

####### ......# #####
......# #....! ......#
#...... ......# .......
......############....$).
..............>.@g.......
......############..[....
......# ....... ....#.#
#...... ....#.# ......
....#.# ......
....#.###### .....
..†.......... .....
....##.######


You could see a hobgoblin.

Vanquished Creatures
  A dart slug (D:1)
  A leopard gecko (D:1)
  A goblin (D:1)
  A hobgoblin (D:1)
4 creatures vanquished.

Notes
Turn   | Place    | Note
-------+----------+-------------------------------------------
     0 | D:1      | subzerokingxiii the Gargoyle Earth Elementalist began the quest for the Orb.
     0 | D:1      | Reached XP level 1. HP: 10/10 MP: 3/3
   120 | D:1      | Reached skill level 4 in Earth Magic
   120 | D:1      | Reached XP level 2. HP: 6/15 MP: 1/5
   125 | D:1      | Slain by a hobgoblin

Vault maps used:
D:1:      minmay_arrival_plants_in_alcoves, solitary_fountain

Skill      XL: |  1 |
---------------+----+-----
Earth Magic    | 4 |  4.1
Dodging        | |  1.7
Stealth        | |  2.1
Unarmed Combat | |  0.2
Spellcasting   | |  2.0
Transmutations | |  0.7

Action                   || total
-------------------------++-------
Melee: Unarmed           ||    10
       Dagger            ||     1
Throw: Stone             ||     3
 Cast: Sandblast         ||     4
  Use: Scroll            ||     1
       Potion            ||     1
  Eat: Bread ration      ||     1
Armor: Robe              ||     1
Dodge: Dodged            ||     7
